 Dungeon Crawl Stone Soup version 0.25-a0-1133-g93ebf73 (webtiles) character file.

Game seed: 12501974721276046193, levelgen mode: deterministic

44 Faca the Bolt Thrower (level 3, -2/23 HPs)
             Began as a Kobold Hunter on May 20, 2020.
             Slain by Crazy Yiuf
             ... wielding a +3 quarterstaff of chaos
              (10 damage)
             ... on level 2 of the Dungeon.
             The game lasted 00:03:04 (2382 turns).

Faca the Bolt Thrower (Kobold Hunter)               Turns: 2382, Time: 00:03:05

Health: -2/23      AC:  7    Str: 10    XL:     3   Next: 87%
Magic:  3/3        EV: 11    Int: 12    God:
Gold:   108        SH:  0    Dex: 15    Spells: 2/2 levels left

rFire    . . .     SeeInvis .   a - +1 hand crossbow
rCold    . . .     Gourm    .   (shield restricted)
rNeg     . . .     Faith    .   o - +1 scale mail
rPois    +         Spirit   .   (no helmet)
rElec    .         Reflect  .   (no cloak)
rCorr    .         Harm     .   (no gloves)
MR       .....                  (no boots)
Stlth    ..........             (no amulet)
HPRegen  0.07/turn              (no ring)
MPRegen  0.08/turn              s - ring of poison resistance

@: no status effects
A: small, carnivore
a: no special abilities


You were on level 2 of the Dungeon.
You were completely stuffed.

You visited 1 branch of the dungeon, and saw 2 of its levels.

You collected 108 gold pieces.

Inventory:

Hand Weapons
 a - a +1 hand crossbow (weapon)
 b - a +0 short sword
Missiles
 d - 38 bolts (quivered)
Armour
 o - a +1 scale mail (worn)
Jewellery
 i - an uncursed ring of ice
 s - a ring of poison resistance (right hand)
Scrolls
 j - a scroll of remove curse
 m - a scroll of enchant armour
Potions
 c - a potion of stabbing {unknown}
 e - a potion of flight {unknown}
 h - a potion of ambrosia {unknown}
 l - a potion of might {unknown}
 n - 2 potions of degeneration {unknown}
 q - 2 potions of brilliance {unknown}
 r - 2 potions of mutation {unknown}
 t - a potion of curing {unknown}
 v - a potion of invisibility {unknown}
Comestibles
 f - 6 rations


   Skills:
 + Level 3.0 Fighting
 + Level 2.2 Short Blades
 + Level 5.3 Crossbows
 - Level 2.4 Dodging
 - Level 1.3 Stealth


You had 2 spell levels left.
You didn't know any spells.
Your spell library was empty.

Dungeon Overview and Level Annotations

Branches:
Dungeon (2/15)

Altars:

Annotations:
D:2 Crazy Yiuf


Innate Abilities, Weirdness & Mutations

You are small and have problems with some larger weapons.
You are carnivorous and can eat meat at any time.


Message History

Press: ? - help, Shift-Dir - straight line, f/p - Crazy Yiuf
Aim: Crazy Yiuf, wielding a +3 quarterstaff of chaos and wearing a +2 cloak (heavily wounded)
You shoot a bolt. The bolt closely misses Crazy Yiuf.
Crazy Yiuf cries, "Hah rumpyflump ragdoll!"
Crazy Yiuf closely misses you.
Firing (i - inventory)
d - 40 bolts (quivered)
Press: ? - help, Shift-Dir - straight line, f/p - Crazy Yiuf
Aim: Crazy Yiuf, wielding a +3 quarterstaff of chaos and wearing a +2 cloak (heavily wounded)
You shoot a bolt. The bolt barely misses Crazy Yiuf.
Crazy Yiuf hits you with a +3 quarterstaff of chaos!
Crazy Yiuf freezes you.
You are too injured to fight recklessly!
You are too injured to fight recklessly!
Firing (i - inventory)
d - 39 bolts (quivered)
Press: ? - help, Shift-Dir - straight line, f/p - Crazy Yiuf
Aim: Crazy Yiuf, wielding a +3 quarterstaff of chaos and wearing a +2 cloak (heavily wounded)
You shoot a bolt. The bolt hits Crazy Yiuf!
Crazy Yiuf is almost dead.
Crazy Yiuf hits you with a +3 quarterstaff of chaos!
You die...

#.# ###
###### #####
.....# #)(.#
####.# #...#
#.# *...*
####.#######
*#g#*
...........#
♣@♣♣
############
♣♣.♣ ♣.♣♣
♣♣.♣ ####
♣♣.♣♣ #..#
♣♣...♣ #.##
♣....♣ #.#
#....#
#.#####+..+#


You could see Crazy Yiuf.

Vanquished Creatures
  An adder (D:2)
  An ooze (D:1)
  A worm (D:2)
  A bat (D:2)
  2 giant cockroaches (D:1)
  A goblin (D:1)
  6 hobgoblins
  2 quokkas (D:2)
  3 frilled lizards (D:2)
  5 kobolds
  6 rats
29 creatures vanquished.

Notes
Turn   | Place    | Note
-------+----------+-------------------------------------------
     0 | D:1      | Faca the Kobold Hunter began the quest for the Orb.
     0 | D:1      | Reached XP level 1. HP: 12/12 MP: 1/1
   510 | D:1      | Reached skill level 1 in Short Blades
   510 | D:1      | Reached XP level 2. HP: 10/18 MP: 2/2
   644 | D:1      | Reached skill level 5 in Crossbows
  1278 | D:1      | Reached XP level 3. HP: 20/22 MP: 3/3
  2168 | D:2      | Found a runed translucent door.
  2169 | D:2      | Noticed Crazy Yiuf
  2257 | D:2      | Found a faded altar of an unknown god.
  2382 | D:2      | Slain by Crazy Yiuf

Illustrated notes

Levels and vault maps discovered:
D:1:      tarquinn_simple_flora_water_e, layout_loops_ring
D:2:      layout_loops_ring, chequers_ecumenical_altar_simple_redux,
          first_ration, uniq_crazy_yiuf_cottage

Skill      XL: |  1  2  3 |
---------------+----------+-----
Short Blades   | 1 2 |  2.2
Crossbows      | 5 |  5.3
Fighting       | 3 |  3.0
Dodging        | |  2.4
Stealth        | |  1.3

Action                   || total
-------------------------++-------
Melee: Short sword       ||   155
 Fire: Hand crossbow     ||     4
  Use: Scroll            ||     5
 Stab: Sleeping          ||     2
  Eat: Chunk             ||    13
Armor: Leather armour    ||    20
       Scale mail        ||    29
Dodge: Dodged            ||    95

Table legend:
 A = Non-vault XP
 B = Vault XP
 C = Vault XP percentage of total XP
 D = Non-vault monster count
 E = Vault monster count
 F = Vault count percentage of total count
                 A         B        C        D         E       F
            +---------+---------+-------+---------+---------+-------
      Total |      64 |       0 |   0.0 |      29 |       0 |   0.0
            +---------+---------+-------+---------+---------+-------
        D:1 |      30 |       0 |   0.0 |      15 |       0 |   0.0
        D:2 |      34 |       0 |   0.0 |      14 |       0 |   0.0
            +---------+---------+-------+---------+---------+-------
